 Dungeon Crawl Stone Soup version 0.18.1-8-gdd0e5ea (webtiles) character file.

2342 juanjsm the Covert (level 9, -4/40 HPs)
             Began as a Spriggan Enchanter on June 9, 2016.
             Was a Priest of Okawaru.
             Shot with a bolt by an orc knight (17 damage)
             ... in a bailey.
             The game lasted 00:38:25 (7731 turns).

juanjsm the Covert (Spriggan Enchanter)             Turns: 7731, Time: 00:38:27

Health: -4/40      AC:  2    Str:  4    XL:     9   Next: 20%
Magic:  12/20      EV: 21    Int: 21    God:    Okawaru [***...]
Gold:   317        SH:  4    Dex: 15    Spells: 4 memorised, 13 levels left

rFire  + . .     SeeInvis +     x - +0 dagger (chaos)
rCold  . . .     Gourm    .     b - +1 robe
rNeg   . . .     Faith    .     (shield restricted)
rPois  .         Spirit   .     (helmet restricted)
rElec  .         Dismiss  .     (no cloak)
rCorr  .         Reflect  +     (gloves unavailable)
SustAt .         Harm     .     (boots unavailable)
MR     +....                    y - +4 amulet of reflection
Stlth  +++++.....               (no ring)
                                E - ring of protection from fire

@: drained, very quick, somewhat resistant to hostile enchantments, quite
stealthy
A: unfitting armour, see invisible, clever 1, clumsy 1, deformed body, herbivore
3, speed 3, slow metabolism 2
a: Heroism, Renounce Religion


You were in a bailey.
You worshipped Okawaru.
Okawaru was most pleased with you.
You were not hungry.

You visited 2 branches of the dungeon, and saw 9 of its levels.
You also visited: Bailey.

You collected 317 gold pieces.

Inventory:

Hand Weapons
 a - a +1 dagger
 x - a +0 dagger of chaos (weapon)
Missiles
 I - 44 tomahawks of returning (quivered)
Armour
 b - a +1 robe (worn)
 p - a +0 buckler
Jewellery
 y - a +4 amulet of reflection (around neck)
 E - a ring of protection from fire (left hand)
Wands
 l - a wand of slowing (20/48)
 A - a wand of flame (25/48)
 H - a wand of lightning (12/15)
Scrolls
 e - 2 scrolls of remove curse
 f - 2 scrolls of amnesia {unknown}
 h - a scroll of enchant weapon {unknown}
 i - a scroll of magic mapping {unknown}
 j - 2 scrolls of noise {unknown}
 k - 3 scrolls of enchant armour {unknown}
 m - 2 scrolls of immolation {unknown}
 o - a scroll of summoning {unknown}
 q - 3 scrolls of teleportation {unknown}
 r - a scroll of blinking {unknown}
 w - a scroll of random uselessness {unknown}
 z - a scroll of brand weapon {unknown}
Potions
 g - a potion of cure mutation
 n - 2 potions of lignification
 t - a potion of heal wounds
 v - 3 potions of curing
 C - 2 potions of might
 D - a potion of flight
 F - a potion of invisibility
 G - a potion of brilliance {unknown}
Books
 c - a book of Maledictions

   Spells                             Type                      Level
   a - Corona                         Hexes                        1
   b - Ensorcelled Hibernation        Hexes/Ice                    2
   c - Confuse                        Hexes                        3
   d - Tukima's Dance                 Hexes                        3
   e - Dazzling Spray                 Conjuration/Hexes            3
 s - a book of Cantrips

   Spells                             Type                      Level
   a - Corona                         Hexes                        1
   b - Animate Skeleton               Necromancy                   1
   c - Summon Small Mammal            Summoning                    1
   d - Apportation                    Translocation                1
 u - a book of the Warp

   Spells                             Type                      Level
   a - Recall                         Summoning/Translocation      3
   b - Gell's Gravitas                Hexes/Translocation          3
   c - Force Lance                    Conjuration/Translocation    4
   d - Warp Weapon                    Charms/Translocation         5
   e - Summon Forest                  Summoning/Translocation      5
 B - a book of Spatial Translocations

   Spells                             Type                      Level
   a - Apportation                    Translocation                1
   b - Blink                          Translocation                2
   c - Shroud of Golubria             Charms/Translocation         2
   d - Portal Projectile              Translocation                3
   e - Teleport Other                 Translocation                3
   f - Passage of Golubria            Translocation                4
Comestibles
 d - 2 bread rations


   Skills:
 + Level 0.8 Fighting
 * Level 3.8 Short Blades
 * Level 6.4 Dodging
 * Level 11.3(11.2) Stealth
 * Level 2.8 Shields
 * Level 7.2 Spellcasting
 + Level 6.3 Hexes
 + Level 1.8 Ice Magic


You had 13 spell levels left.
You knew the following spells:

 Your Spells              Type           Power        Failure   Level  Hunger
a - Corona                Hex            ####...      1%          1    None
b - Ensorcelled Hibernat  Hex/Ice        ###...       2%          2    None
c - Confuse               Hex            ####....     1%          3    None
d - Dazzling Spray        Conj/Hex       ###.....     10%         3    None


Dungeon Overview and Level Annotations

Branches:
Dungeon (8/15)             Temple (1/1) D:7
   Lair: D:8-11

Altars:
Cheibriados
Dithmenos
Fedhas
Gozag
Kikubaaqudgha
Makhleb
Nemelex Xobeh
Okawaru
Qazlal
Ru
Sif Muna
Trog
Vehumet
Xom
Zin
The Shining One

Shops:
D:7 (!**


Innate Abilities, Weirdness & Mutations

You are tiny and cannot use many weapons and most armour.
You have supernaturally acute eyesight.
You are a herbivore.
You cover ground extremely quickly.
You need consume almost no food.
Your mind is acute. (Int +2)
You are clumsy. (Dex -2)
Armour fits poorly on your strangely shaped body.


Message History

Press: ? - help, Shift-Dir - straight line, f - gnoll
Aim: a gnoll, wielding a halberd of electrocution (berserk, fast, unusually strong, chance to defeat MR: 70%)
The gnoll appears confused.
There is an open door here.
You hit the gnoll.
Space bends around the gnoll.
The gnoll is moderately wounded.
The gnoll barely misses you.
Things that are here:
a halberd; a gnoll skeleton You hit the gnoll but do no damage.
The gnoll is moderately wounded.
The gnoll closely misses you.
You strike the helpless gnoll from behind!
You impale the gnoll!! You burn the gnoll.
You kill the gnoll!
Okawaru accepts your kill.
The orc knight unwields an uncursed great sword.
The orc knight wields an uncursed arbalest.
The orc knight shoots a bolt.
The bolt hits you!
You die...

#!###.###.#.###.###.#
##o##'##+###'##'##'##
##)(...## ##.....##
###.....#####.....###
#.'..⌠..'.#.').∩..'.#
###)..).#####.....###
##.÷÷..## ##.....##
##'##'##o###'##'##'##
#.###.###))@###.###∩#
### ### ##### ### ###


You could see an orc knight.

Vanquished Creatures
  The ghost of ThereIsNoGod the Shield-Bearer, a novice GrFi (D:6)
  Sigmund (D:6)
  A water moccasin (D:6)
  2 sky beasts
  An orc warrior (D:6)
  An ice beast (D:5)
  An ogre (D:6)
  A phantom (D:4)
  2 giant frogs
  A scorpion (D:7)
  A wight (D:8)
  2 crimson imps
  A howler monkey (D:5)
  The ghost of Jersh the Digger, a weakling GrEE of Vehumet (D:3)
  4 hounds
  A giant frog skeleton (D:6)
  3 orc priests
  A gnoll shaman (D:6)
  3 orc wizards
  3 worker ants
  Robin (D:4)
  8 adders
  21 gnolls
  2 shadow imps (D:5)
  An ooze (D:1)
  3 worms
  3 dart slugs (D:2)
  3 giant geckos
  10 orcs
  9 ball pythons
  3 giant cockroaches
  12 goblins
  12 hobgoblins
  8 jackals
  3 quokkas
  8 bats
  A giant cockroach zombie (D:5)
  3 giant newts
  A jackal skeleton (D:4)
  A jackal zombie (D:6)
  23 kobolds
  A quokka zombie (D:6)
  11 rats
180 creatures vanquished.

Vanquished Creatures (others)
  A giant frog (D:4)
  An orc priest (D:4)
  2 worker ants (D:4)
  An adder (D:4)
  A worm (D:4)
  A giant gecko (D:4)
  A ball python (D:4)
8 creatures vanquished.

Grand Total: 188 creatures vanquished

Notes
Turn   | Place    | Note
--------------------------------------------------------------
     0 | D:1      | juanjsm the Spriggan Enchanter began the quest for the Orb.
     0 | D:1      | Reached XP level 1. HP: 9/9 MP: 5/5
   108 | D:1      | Reached XP level 2. HP: 8/13 MP: 6/6
   113 | D:1      | Learned a level 2 spell: Ensorcelled Hibernation
   190 | D:1      | Reached skill level 5 in Stealth
   962 | D:2      | Reached XP level 3. HP: 16/16 MP: 6/8
   967 | D:2      | Learned a level 3 spell: Confuse
  1105 | D:3      | Noticed Jersh's ghost (weakling GrEE)
  1548 | D:2      | Reached XP level 4. HP: 21/21 MP: 1/10
  1553 | D:2      | Learned a level 3 spell: Dazzling Spray
  1730 | D:2      | Found a glowing silver altar of Zin.
  2112 | D:3      | Found a shimmering altar of Xom.
  2112 | D:3      | Found a burning altar of Makhleb.
  2115 | D:3      | Reached skill level 6 in Stealth
  2184 | D:3      | Found a radiant altar of Vehumet.
  2184 | D:3      | Found a sparkling altar of Nemelex Xobeh.
  2185 | D:3      | Found a glowing golden altar of the Shining One.
  2210 | D:3      | Killed Jersh's ghost
  2210 | D:3      | Reached skill level 1 in Shields
  2210 | D:3      | Reached XP level 5. HP: 21/25 MP: 3/11
  2828 | D:4      | Found a shimmering altar of Xom.
  3010 | D:4      | HP: 1/25 [gnoll (6)]
  3337 | D:4      | Reached XP level 6. HP: 14/29 MP: 2/13
  3831 | D:4      | You fall through a shaft for 2 floors!
  3852 | D:7      | Found Ciummud's Assorted Antiques.
  3852 | D:7      | Found a staircase to the Ecumenical Temple.
  3852 | D:7      | Noticed a sky beast
  3861 | Temple   | Entered the Ecumenical Temple
  4001 | Temple   | Became a worshipper of Warmaster Okawaru
  4127 | D:6      | Noticed an orc warrior
  4154 | D:6      | Reached skill level 1 in Ice Magic
  4159 | D:6      | Reached skill level 7 in Stealth
  4365 | D:6      | Noticed Sigmund
  4421 | D:6      | Reached skill level 5 in Hexes
  4429 | D:6      | Noticed a water moccasin
  4431 | D:5      | Entered Level 5 of the Dungeon
  4530 | D:6      | Reached XP level 7. HP: 32/32 MP: 13/15
  4553 | D:6      | Reached * piety under Okawaru
  4553 | D:6      | Reached skill level 8 in Stealth
  4582 | D:6      | Noticed ThereIsNoGod's ghost (novice GrFi)
  4618 | D:6      | Reached skill level 5 in Spellcasting
  4844 | D:4      | Noticed Robin
  4956 | D:4      | Killed Robin
  4957 | D:4      | Found a bloodstained altar of Trog.
  5247 | D:3      | Found an opulent altar of Gozag.
  5513 | D:5      | Reached XP level 8. HP: 37/37 MP: 5/17
  5656 | D:5      | Reached skill level 9 in Stealth
  5667 | D:5      | Reached skill level 5 in Dodging
  5789 | D:5      | Found a sacrificial altar of Ru.
  5897 | D:5      | Found a sacrificial altar of Ru.
  6113 | D:5      | Gained mutation: Armour fits poorly on your strangely shaped body. [potion of mutation]
  6113 | D:5      | Gained mutation: You are clumsy. (Dex -2) [potion of mutation]
  6113 | D:5      | Gained mutation: Your mind is acute. (Int +2) [potion of mutation]
  6136 | D:6      | Killed Sigmund
  6263 | D:6      | Reached ** piety under Okawaru
  6365 | D:6      | Reached skill level 10 in Stealth
  6612 | D:6      | Killed ThereIsNoGod's ghost
  6612 | D:6      | Reached *** piety under Okawaru
  6861 | D:7      | Reached XP level 9. HP: 40/40 MP: 17/20
  6872 | D:7      | Found Konoere's Assorted Antiques.
  6882 | D:7      | Found Uklilan's Weapon Boutique.
  6905 | D:7      | Found Geigicsa's Distillery.
  6906 | D:7      | Reached skill level 11 in Stealth
  6960 | D:8      | Found a flagged portal.
  6969 | Bailey   | Entered a bailey
  7395 | Bailey   | Noticed an orc knight
  7731 | Bailey   | Shot with a bolt by an orc knight

Skill      XL: |  1  2  3  4  5  6  7  8  9 |
---------------+----------------------------+-----
Stealth        | 5 6 7 8 10 11 | 11.3
Hexes          | 4 5 6 |  6.3
Spellcasting   | 3 4 5 6 7 |  7.2
Shields        | 1 2 |  2.8
Dodging        | 4 6 |  6.4
Ice Magic      | 1 |  1.8
Short Blades   | 2 3 |  3.8
Fighting       | |  0.8

Action                   |  1- 3 |  4- 6 |  7- 9 || total
-------------------------+-------+-------+-------++-------
Melee: Dagger            |    99 |   127 |   193 ||   419
 Cast: Ensorcelled Hiber |    28 |    53 |    69 ||   150
       Corona            |     1 |       |       ||     1
       Confuse           |     1 |     7 |    29 ||    37
       Dazzling Spray    |       |     1 |     4 ||     5
  Use: Scroll            |       |     5 |     5 ||    10
       Potion            |       |     2 |     1 ||     3
 Stab: Sleeping          |    31 |    44 |    48 ||   123
       Paralysed         |       |     1 |     1 ||     2
       Confused          |       |     2 |     9 ||    11
       Distracted        |       |       |     2 ||     2
       Invisible         |       |       |     2 ||     2
       Petrifying        |       |       |     1 ||     1
  Eat: Pizza             |       |     1 |       ||     1
       Fruit             |       |     3 |       ||     3
       Royal jelly       |       |       |     1 ||     1
       Bread ration      |       |       |     1 ||     1
Armor: Robe              |    21 |     8 |    20 ||    49
Dodge: Dodged            |   115 |   156 |   170 ||   441
Block: Other             |       |       |    21 ||    21
       Reflection        |       |       |     6 ||     6
